 Dungeon Crawl Stone Soup version 0.31-a0-460-g9e667d4245 (webtiles) character file.

Game seed: 13396787651534833411

9991 Maratek the Cleaver (level 11, -3/97 HPs)
             Began as a Minotaur Fighter on Aug 4, 2023.
             Was a Priest of Uskayaw.
             Slain by a very large slime creature (16 damage)
             ... on level 12 of the Dungeon.
             The game lasted 00:21:14 (12898 turns).

Maratek the Cleaver (Minotaur Fighter)             Turns: 12898, Time: 00:21:14

Health: -3/97      AC: 10    Str: 26    XL:     11   Next: 30%
Magic:  7/10       EV: 13    Int:  5    God:    Uskayaw [***...]
Gold:   524        SH: 11    Dex: 15    Spells: 10/10 levels left

rFire   . . .        L - +9 flail
rCold   . . .        H - +0 kite shield
rNeg    . . .        a - +0 acid dragon scales
rPois   .            f - +1 hat
rElec   .            v - scarf {repulsion}
rCorr   +            t - +0 pair of gloves
SInv    .            (no boots)
Will    +....        I - amulet of the acrobat
Stlth   ++           n - ring of willpower
HPRegen 0.36/turn    u - +6 ring of dexterity
MPRegen 0.12/turn

%: repel missiles, acrobat
@: no status effects
A: horns 2, retaliatory headbutt
a: Renounce Religion, Stomp, Line Pass


You were on level 12 of the Dungeon.
You worshipped Uskayaw.
Uskayaw was noncommittal.
You visited 1 branch of the dungeon, and saw 12 of its levels.
You also visited: Sewer.

You collected 524 gold pieces.

Inventory:

Hand Weapons
 L - a +9 flail (weapon)
Armour
 a - +0 acid dragon scales (worn)
 f - a +1 hat (worn)
 t - a +0 pair of gloves (worn)
 v - a scarf of repulsion (worn)
 H - a +0 kite shield (worn)
Jewellery
 n - a ring of willpower (left hand)
 u - a +6 ring of dexterity (right hand)
 D - a ring of resist corrosion
 I - an amulet of the acrobat (around neck)
 J - a +6 ring of intelligence
 N - an amulet of magic regeneration
Wands
 b - a wand of acid (7)
 c - a wand of flame (62)
 d - a wand of iceblast (14)
 K - a wand of digging (3)
Scrolls
 i - 2 scrolls of enchant armour {unknown}
 j - 4 scrolls of enchant weapon
 l - 4 scrolls of blinking
 q - 2 scrolls of amnesia {unknown}
 r - 2 scrolls of vulnerability
 s - 6 scrolls of teleportation
 x - a scroll of revelation {unknown}
 y - 3 scrolls of fog {unknown}
 A - a scroll of fear {unknown}
 E - 4 scrolls of poison
 F - a scroll of silence {unknown}
 G - a scroll of immolation {unknown}
 M - a scroll of acquirement {unknown}
Potions
 e - a potion of cancellation {unknown}
 g - a potion of degeneration {unknown}
 h - 3 potions of lignification
 k - 2 potions of enlightenment
 m - a potion of attraction {unknown}
 o - a potion of heal wounds {unknown}
 p - 6 potions of mutation
 w - a potion of brilliance {unknown}
 z - a potion of magic {unknown}
 B - 5 potions of curing {unknown}


   Skills:
 + Level 9.0 Fighting
 + Level 10.4(11.8) Axes
 + Level 9.0(11.1) Maces & Flails
 + Level 9.4 Armour
 + Level 6.1 Dodging
 + Level 3.8 Stealth
 + Level 8.6 Shields


You had 10 spell levels left.
You didn't know any spells.
Your spell library contained the following spells:

 Spells                   Type           Power      Damage    Failure   Level
 Shock                    Conj/Air       0%         1d3       73%         1
 Swiftness                Air            0%         N/A       97%         3
 Airstrike                Air            0%         2d(0-16)  100%        4
 Summon Ice Beast         Ice/Summ       0%         N/A       100%        4
 Summon Mana Viper        Hex/Summ       0%         N/A       100%        5
 Monstrous Menagerie      Summ           0%         N/A       100%        7


Dungeon Overview and Level Annotations

Branches:
Dungeon (12/15)            Temple (0/1) D:7           Sewer (visited)
   Lair: D:8-11         Orc: D:9-12

Altars:
Qazlal
Uskayaw
Yredelemnul

Shops:
D:1 *   D:5 *   D:10 *


Innate Abilities, Weirdness & Mutations

You have a pair of horns on your head.
You reflexively headbutt those who attack you in melee.


Message History

Uskayaw will force your foes to helplessly watch your dance.
Uskayaw prepares the audience for your solo!
The helpless large slime creature fails to defend itself.
You thump the large slime creature!
The large slime creature is moderately wounded.
The slime creature is no longer paralysed.
The large slime creature is no longer paralysed.
The slime creature hits you!
You sock the large slime creature!
The large slime creature is moderately wounded.
The centaur is no longer paralysed.
You block the large slime creature's attack.
Two slime creatures merge to form a very large slime creature.
You block the slime creature's attack.
You sock the very large slime creature!
You headbutt the very large slime creature!
The very large slime creature is heavily wounded.
The slime creature barely misses you. You furiously retaliate!
You headbutt the slime creature! You sock the very large slime creature!
The very large slime creature is heavily wounded.
The very large slime creature jiggles.
You block the very large slime creature's attack.
The slime creature misses you.
Uskayaw will force your foes to share their pain.
Uskayaw links your audience in an emotional bond!
You stomp with the beat, sending a shockwave through the revellers around you!
You kill the centaur!
The very large slime creature is severely wounded.
You kill the slime creature!
The very large slime creature hits you!!!
* * * LOW HITPOINT WARNING * * *
You hear a shout!
Your Fighting skill increases to level 9!
Your base Maces & Flails skill increases to level 9!
You hit the very large slime creature.
The very large slime creature is severely wounded.
The very large slime creature is no longer sharing its pain.
The very large slime creature hits you!
You die...

#.....# #######.....# ..
#...........#
..#############...)..<....#
...................#####.|##
...................# #....
...................# #....
.........!......[..# #....
.........)J@.......# #....
.......<..######...# #....
..........# #...#####....
..........# #.........###
..........# #.........#
###'#.....# #.........#
..#.....# #.#######.#
#..J... ...#.....'.#
#J...... ....#.....'.#


You could see a very large slime creature.

Vanquished Creatures
  3 two-headed ogres
  A death yak (D:10)
  2 cyclopes
  A gargoyle (D:12)
  A komodo dragon (D:11)
  4 trolls
  2 slime creatures (D:12)
  A vampire (D:11)
  2 shadows
  A wraith (D:9)
  A steam dragon (D:8)
  An acid dragon (D:10)
  A water moccasin (D:7)
  An orc warrior (D:10)
  An ice beast (D:6)
  2 black bears (D:5)
  3 sky beasts
  An ogre (D:4)
  6 centaurs
  8 kobold brigands
  A phantom (D:6)
  4 bullfrogs
  A scorpion (D:4)
  13 killer bees
  A howler monkey (D:4)
  6 jellies
  A hound (D:5)
  3 gnoll boudas
  10 orc priests
  A sleepcap (D:7)
  4 iguanas
  Natasha (thrice) (D:3)
  Terence (D:2)
  Ijyb (D:5)
  10 orc wizards
  14 gnolls
  10 adders
  4 river rats
  3 shadow imps
  A white imp (D:5)
  2 ufetubi
  3 worms
  40 orcs
  10 endoplasms
  3 giant cockroaches
  3 hobgoblins
  8 jackals
  4 quokkas
  11 ball pythons
  2 bats
  3 frilled lizards
  6 goblins
  19 kobolds
  11 rats
260 creatures vanquished.

Notes
Turn   | Place    | Note
-------+----------+-------------------------------------------
     0 | D:1      | Maratek the Minotaur Fighter began the quest for the Orb.
     0 | D:1      | Reached XP level 1. HP: 19/19 MP: 0/0
   269 | D:1      | Found Taax's Assorted Antiques.
   328 | D:1      | Reached XP level 2. HP: 27/27 MP: 1/1
  1046 | D:2      | Reached XP level 3. HP: 33/33 MP: 2/2
  1056 | D:2      | Reached skill level 3 in Axes
  1493 | D:2      | Noticed Terence
  1504 | D:2      | Killed Terence
  1505 | D:2      | Reached XP level 4. HP: 18/40 MP: 3/3
  1945 | D:3      | Noticed Natasha
  1950 | D:3      | Killed Natasha
  1951 | D:3      | Reached skill level 1 in Dodging
  1994 | D:3      | Noticed Natasha
  2002 | D:3      | Killed Natasha
  2003 | D:3      | Reached skill level 4 in Axes
  2003 | D:3      | Reached XP level 5. HP: 41/46 MP: 4/4
  2257 | D:3      | Found a faded altar of an unknown god.
  2259 | D:3      | Noticed Natasha
  2263 | D:3      | Killed Natasha
  2264 | D:3      | Reached skill level 5 in Armour
  2274 | D:3      | Got Plato's Compilation of the Fifth Circle
  2475 | D:4      | Noticed an ogre
  2484 | D:4      | Killed an ogre
  2485 | D:4      | Reached skill level 5 in Axes
  2485 | D:4      | Reached XP level 6. HP: 15/53 MP: 5/5
  2830 | D:4      | Found a glowing drain.
  2858 | D:4      | Reached skill level 5 in Fighting
  2858 | D:4      | Reached XP level 7. HP: 34/61 MP: 6/6
  2951 | Sewer    | Entered a sewer
  3050 | Sewer    | Reached skill level 6 in Axes
  3610 | Sewer    | Reached skill level 7 in Axes
  3693 | Sewer    | Reached skill level 5 in Shields
  3693 | Sewer    | Reached XP level 8. HP: 56/70 MP: 7/7
  4263 | D:5      | Entered Level 5 of the Dungeon
  4585 | D:5      | Noticed Ijyb
  4609 | D:5      | Killed Ijyb
  4779 | D:5      | Found Zirysac's CLEARANCE SALE!.
  4811 | D:5      | Reached skill level 8 in Axes
  4997 | D:5      | Found a basalt altar of Yredelemnul.
  5445 | D:6      | Reached skill level 9 in Axes
  5447 | D:6      | Noticed a +0 short sword
  5453 | D:6      | Noticed a +0 short sword
  5453 | D:6      | Noticed a +0 dagger
  5456 | D:6      | Reached skill level 1 in Stealth
  5870 | D:6      | Found a hide-covered altar of Uskayaw.
  5871 | D:6      | Noticed a +0 dagger
  5872 | D:6      | Noticed a +0 spear
  5872 | D:6      | Noticed a +0 falchion
  5873 | D:6      | Noticed a +0 falchion
  5874 | D:6      | Noticed a +0 spear
  5911 | D:6      | Became a worshipper of Uskayaw the Reveller
  6007 | D:6      | Reached * piety under Uskayaw
  6045 | D:6      | Reached XP level 9. HP: 77/78 MP: 8/8
  6107 | D:6      | Reached ** piety under Uskayaw
  6135 | D:6      | Reached *** piety under Uskayaw
  6138 | D:6      | Reached **** piety under Uskayaw
  6545 | D:7      | Found a stormy altar of Qazlal.
  6593 | D:7      | Found a staircase to the Ecumenical Temple.
  6772 | D:7      | Reached skill level 10 in Axes
  7317 | D:8      | Reached skill level 1 in Maces & Flails
  8687 | D:9      | Noticed a death yak
  8687 | D:9      | Noticed a death yak
  8696 | D:9      | Reached XP level 10. HP: 70/86 MP: 9/9
  8697 | D:9      | Reached ***** piety under Uskayaw
  8868 | D:9      | Noticed a death yak
  8868 | D:9      | Noticed a death yak
  8868 | D:9      | Noticed a death yak
  8877 | D:10     | Entered Level 10 of the Dungeon
  8889 | D:10     | Killed a death yak
  8890 | D:10     | Reached skill level 5 in Maces & Flails
  9761 | D:10     | Found Xownihui's General Store.
  9998 | D:10     | Reached skill level 5 in Dodging
 10175 | D:10     | Noticed a two-headed ogre
 10184 | D:10     | Killed a two-headed ogre
 11068 | D:11     | Noticed a cyclops
 11075 | D:11     | Killed a cyclops
 11382 | D:11     | HP: 2/90 [something (3)]
 12345 | D:11     | Noticed a two-headed ogre
 12353 | D:11     | Killed a two-headed ogre
 12354 | D:11     | Reached XP level 11. HP: 83/95 MP: 10/10
 12661 | D:11     | Identified the +5 flail "Iqig" {freeze, Will+ Str+4 Stlth+}
 12756 | D:12     | Noticed a two-headed ogre
 12821 | D:12     | Killed a two-headed ogre
 12898 | D:12     | Slain by a very large slime creature

Illustrated notes

Levels and vault maps discovered:
D:1:      giann_bridges, layout_loops_corners, serial_shops, nicolae_shop_stone
D:2:      layout_basic, minmay_tromino_mix6, uniq_terence
D:3:      layout_loops_ring, shapermc_ecumenical_altar_rom_forum, uniq_natasha
D:4:      layout_basic, portal_sewer_entry_c
D:5:      layout_gridville, mainiacjoe_overflow_cross_hatched,
          nicolae_shop_clearance, uniq_ijyb
D:6:      layout_rooms, nicolae_uskayaw_en_pointe
D:7:      layout_rooms, lemuel_crystal_altar, temple_statues, serial_curves,
          eino_curves_02, eino_curves_03, grunt_ministairs_1
D:8:      layout_basic, nicolae_the_louvre
D:9:      layout_loops_cross, nicolae_ru_great_annihilating_truth,
          dpeg_lair_monsters, orc_0_dummy, serial_shops, shop, evilmike_butchery
D:10:     layout_stronghold, serial_shops, nicolae_shop_rolling_square
D:11:     layout_loops_ring
D:12:     layout_irregular_city, mrwooster_statue_mirror

Skill      XL: |  1  2  3  4  5  6  7  8  9 10 11 |
---------------+----------------------------------+-----
Fighting       | 4 5 6 7 8 9 |  9.0
Armour         | 4 5 6 7 8 9 |  9.4
Shields        | 4 5 7 8 |  8.6
Axes           | 3 4 5 7 9 10 | 10.4
Dodging        | 1 2 3 4 5 6 |  6.1
Stealth        | 1 3 |  3.8
Maces & Flails | 4 8 9 |  9.0

Action                     |  1- 3 |  4- 6 |  7- 9 | 10-12 || total
---------------------------+-------+-------+-------+-------++-------
  Melee: War axe           |    61 |    90 |   282 |       ||   433
         Headbutt          |     8 |    16 |    67 |    37 ||   128
         Flail             |       |       |    79 |   134 ||   213
 Invoke: Stomp             |       |       |     8 |     3 ||    11
    Use: Scroll            |       |       |    10 |     2 ||    12
         Potion            |       |       |     3 |     1 ||     4
   Stab: Paralysed         |       |       |     7 |     9 ||    16
         Sleeping          |       |       |       |     1 ||     1
 Armour: Scale mail        |    40 |    33 |   146 |     5 ||   224
         Acid dragon scale |       |       |       |    16 ||    16
  Dodge: Dodged            |    49 |    50 |   243 |    67 ||   409
         Repelled          |       |       |     1 |     1 ||     2
  Block: Buckler           |    17 |    21 |    72 |       ||   110
         Kite shield       |       |       |   136 |    74 ||   210

Table legend: (Time is in decaauts)
 A = Elapsed time spent in this place.
 B = Non-inter-level travel time spent in this place.
 C = Inter-level travel time spent in this place.
 D = Time resting spent in this place.
 E = Time spent auto-exploring this place.
 F = Levels seen in this place.
 G = Mean time per level.
                   A        B        C        D        E       F      G
               +--------+--------+--------+--------+--------+-----+--------+
         Total |  13113 |  12771 |    342 |   3448 |   7215 |  13 | 1008.7 |
       Dungeon |  12077 |  11735 |    342 |   3384 |   6541 |  12 | 1006.4 |
         Sewer |   1035 |   1035 |      0 |     64 |    674 |   1 | 1035.0 |
               +--------+--------+--------+--------+--------+-----+--------+

Top non-repeatable levels by time:
    D:10: 2188 daAuts
    D:11: 1727 daAuts
     D:8: 1617 daAuts
     D:5: 1154 daAuts
     D:6: 1036 daAuts
   Sewer: 1035 daAuts
     D:1: 992 daAuts
     D:4: 958 daAuts
     D:2: 806 daAuts
     D:3: 704 daAuts
     D:7: 592 daAuts
     D:9: 210 daAuts
    D:12: 88 daAuts
